 Dungeon Crawl Stone Soup version 0.25-a0-842-g81a31cfd23 (webtiles) character file.

Game seed: 10966723534712216063, levelgen mode: deterministic

51 Conn the Firebug (level 3, 0/21 HPs)
             Began as an Octopode Fire Elementalist on Apr 25, 2020.
             Succumbed to an adder's poison
             ... on level 2 of the Dungeon.
             The game lasted 00:04:17 (1190 turns).

Conn the Firebug (Octopode Fire Elementalist)       Turns: 1190, Time: 00:04:17

Health: 0/21       AC:  1    Str:  5 (7)  XL:     3   Next: 81%
Magic:  6/6        EV: 13    Int: 17 (18) God:
Gold:   68         SH:  0    Dex:  9 (12) Spells: 0/7 levels left

rFire    . . .     SeeInvis +   a - -3 dagger (curse)
rCold    . . .     Gourm    .   (no shield)
rNeg     . . .     Faith    .   (helmet restricted)
rPois    .         Spirit   .   (no amulet)
rElec    +         Reflect  .   h - ring of stealth
rCorr    .         Harm     .   (no ring)
MR       .....     Rnd*Rage +   (no ring)
Stlth    ++++......             (no ring)
HPRegen  0.07/turn              (no ring)
MPRegen  0.10/turn              (no ring)
                                (no ring)
                                (no ring)

@: lethally poisoned (0 -> -4)
A: almost no armour, stealthy swim, amphibious, 8 rings, constrict 8, camouflage
1, see invisible, berserk 1, electricity resistance, gelatinous body 1
a: no special abilities


You were on level 2 of the Dungeon.
You were not hungry.

You visited 1 branch of the dungeon, and saw 2 of its levels.

You collected 68 gold pieces.

Inventory:

Hand Weapons
 a - a cursed -3 dagger (weapon)
 e - a +1 dagger of holy wrath
Jewellery
 h - a ring of stealth (left tentacle)
Scrolls
 d - 3 scrolls of identify
 i - a scroll of remove curse {unknown}
Potions
 c - a potion of brilliance
Comestibles
 b - 4 rations


   Skills:
 + Level 0.1 Short Blades
 + Level 2.3 Dodging
 + Level 3.1 Stealth
 * Level 2.6 Spellcasting
 + Level 1.5 Conjurations
 + Level 3.5 Fire Magic


You couldn't memorise any spells.
You knew the following spells:

 Your Spells              Type           Power        Failure   Level  Hunger
a - Foxfire               Conj/Fire      ##..         6%          1    #......
b - Conjure Flame         Conj/Fire      ##......     19%         3    ###....
c - Inner Flame           Hex/Fire       #.......     26%         3    ###....

Your spell library contained the following spells:

 Spells                   Type           Power        Failure   Level  Hunger
 Sticky Flame             Conj/Fire      ##......     54%         4    #####..
 Fireball                 Conj/Fire      ##........   87%         5    ######.


Dungeon Overview and Level Annotations

Branches:
Dungeon (2/15)

Altars:


Innate Abilities, Weirdness & Mutations

You cannot wear most types of armour.
You are very stealthy in the water. (Stealth+)
You are amphibious.
You can wear up to eight rings at the same time.
You can use your tentacles to constrict eight enemies at once.
Your skin changes colour to match your surroundings (Stealth+).
Your rubbery body absorbs attacks. (AC +1, EV +1)
You have supernaturally acute eyesight. (SInv)
You tend to lose your temper in combat.
You are resistant to electric shocks. (rElec)


Message History

There is a lethal amount of poison in your body!
Really quaff the potion of mutation?
You feel extremely strange.
You feel stupid.
Your tentacle spike disappears.
Your vision seems duller.
You feel stronger.
You feel less in control of your magic.
* * * LOW HITPOINT WARNING * * *
You feel sick.
Your foxfire dissipates!
Okay, then.
Really quaff the potion of mutation?
You feel extremely strange.
You regain control of your magic.
You feel weaker.
Your vision sharpens.
You feel a little pissed off.
You feel insulated.
There is a lethal amount of poison in your body!
There is a lethal amount of poison in your body!
* * * LOW HITPOINT WARNING * * *
You feel sick.
* * * LOW HITPOINT WARNING * * *
You feel sick.
You die...

.... ..# #.......#
##### ###
#...#.#.#
#.......#..#
#.....[..#.###
#.............
##.#.....#.###
#######.#.......#
##.......##.######
#..@....# #.# #
#..#.##.# #.# #
#..#..#.###.### #
#).##.#.#.....# ##
#.......#.....# #.
##......#.....# #.
####.###.....# #.
#...........# #.
##.#.##.###### #.


There were no monsters in sight!

Vanquished Creatures
  2 adders (D:2)
  A worm (D:2)
  A dart slug (D:1)
  6 bats
  A giant cockroach (D:1)
  3 goblins
  A hobgoblin (D:1)
  2 jackals (D:1)
  5 kobolds
  4 rats (D:1)
26 creatures vanquished.

Vanquished Creatures (others)
  56 foxfires
56 creatures vanquished.

Grand Total: 82 creatures vanquished

Notes
Turn   | Place    | Note
-------+----------+-------------------------------------------
     0 | D:1      | Conn the Octopode Fire Elementalist began the quest for the
                  | Orb.
     0 | D:1      | Reached XP level 1. HP: 11/11 MP: 3/3
   153 | D:1      | Reached XP level 2. HP: 17/17 MP: 0/5
   458 | D:2      | Reached XP level 3. HP: 6/21 MP: 2/6
   673 | D:2      | Learned a level 3 spell: Conjure Flame
  1081 | D:2      | Learned a level 3 spell: Inner Flame
  1168 | D:2      | Gained mutation: Your mind is acute. (Int +2) [potion of
                  | mutation]
  1168 | D:2      | Gained mutation: You have supernaturally acute eyesight.
                  | (SInv) [potion of mutation]
  1168 | D:2      | Gained mutation: One of your tentacles bears a spike.
                  | [potion of mutation]
  1178 | D:2      | Lost mutation: Your mind is acute. (Int +2) [potion of
                  | mutation]
  1178 | D:2      | Lost mutation: One of your tentacles bears a spike. [potion
                  | of mutation]
  1178 | D:2      | Lost mutation: You have supernaturally acute eyesight.
                  | (SInv) [potion of mutation]
  1178 | D:2      | Gained mutation: Your muscles are strong. (Str +2) [potion
                  | of mutation]
  1178 | D:2      | Gained mutation: Your spells are a little harder to cast,
                  | but a little more powerful. [potion of mutation]
  1179 | D:2      | Lost mutation: Your spells are a little harder to cast, but
                  | a little more powerful. [potion of mutation]
  1179 | D:2      | Lost mutation: Your muscles are strong. (Str +2) [potion of
                  | mutation]
  1179 | D:2      | Gained mutation: You have supernaturally acute eyesight.
                  | (SInv) [potion of mutation]
  1179 | D:2      | Gained mutation: You tend to lose your temper in combat.
                  | [potion of mutation]
  1179 | D:2      | Gained mutation: You are resistant to electric shocks.
                  | (rElec) [potion of mutation]
  1186 | D:2      | HP: 1/21 [poisoned by an adder]
  1190 | D:2      | Succumbed to an adder's poison

Levels and vault maps discovered:
D:1:      dpeg_arrival_rooms_c, layout_rooms
D:2:      layout_loops_cross

Skill      XL: |  1  2  3 |
---------------+----------+-----
Stealth        | 3 |  3.1
Short Blades   | |  0.1
Dodging        | |  2.3
Spellcasting   | |  2.6
Conjurations   | |  1.5
Fire Magic     | |  3.5

Action                   || total
-------------------------++-------
Melee: Dagger            ||    25
       Constrict         ||     7
       Tentacles         ||     2
 Cast: Foxfire           ||    32
  Use: Scroll            ||     3
       Potion            ||     6
 Stab: Sleeping          ||     5
  Eat: Chunk             ||     1
Armor: Skin              ||     2
Dodge: Dodged            ||    34

Table legend:
 A = Non-vault XP
 B = Vault XP
 C = Vault XP percentage of total XP
 D = Non-vault monster count
 E = Vault monster count
 F = Vault count percentage of total count
                 A         B        C        D         E       F
            +---------+---------+-------+---------+---------+-------
      Total |      73 |       0 |   0.0 |      26 |       0 |   0.0
            +---------+---------+-------+---------+---------+-------
        D:1 |      33 |       0 |   0.0 |      18 |       0 |   0.0
        D:2 |      40 |       0 |   0.0 |       8 |       0 |   0.0
            +---------+---------+-------+---------+---------+-------
